 Dungeon Crawl Stone Soup version 0.29-a0-398-ge13fd1374b (webtiles) character file.

Game seed: 13595420144046073639

67 zeratav the Digger (level 4, -1/27 HPs)
             Began as an Octopode Earth Elementalist on May 12, 2022.
             Was a High Priest of Ignis.
             Slain by an orc
             ... wielding a +1 flail of venom
              (8 damage)
             ... on level 2 of the Dungeon.
             The game lasted 00:02:49 (1881 turns).

zeratav the Digger (Octopode Earth Elementalist)    Turns: 1881, Time: 00:02:49

Health: -1/27      AC:  1    Str:  7    XL:     4   Next: 18%
Magic:  17/17      EV: 13    Int: 19    God:    Ignis [*****.]
Gold:   99         SH:  0    Dex: 12    Spells: 7/8 levels left

rFire   + . .      SeeInvis .   h - +2 short sword (speed) {short}
rCold   . . .      Faith    .   (no shield)
rNeg    . . .      Spirit   .   (helmet restricted)
rPois   .          Reflect  .   (no amulet)
rElec   .          Harm     .   c - ring of magical power
rCorr   .          Rampage  .   (no ring)
Will    .....                   (no ring)
Stlth   +++.......              (no ring)
HPRegen 0.09/turn               (no ring)
MPRegen 0.15/turn               (no ring)
                                (no ring)
                                (no ring)

@: lethally poisoned (-1 -> -17)
A: almost no armour, amphibious, 8 rings, camouflage 1, gelatinous body 1,
(nimble swimmer 1), tentacles
a: Renounce Religion, Fiery Armour, Foxfire Swarm, Rising Flame


You were on level 2 of the Dungeon.
You worshipped Ignis.
Ignis was extremely pleased with you.
You visited 1 branch of the dungeon, and saw 2 of its levels.

You collected 99 gold pieces.


Innate Abilities, Weirdness & Mutations

You cannot wear most types of armour.
You are amphibious.
You can wear up to eight rings at the same time.
Your skin changes colour to match your surroundings (Stealth+).
Your rubbery body absorbs attacks. (AC +1, EV +1)
((You are camouflaged when in or above water. (Stealth+)))
You have tentacles for arms and can constrict up to eight enemies at once.


   Skills:
 - Level 2.0 Dodging
 - Level 2.6 Stealth
 + Level 2.7 Spellcasting
 - Level 1.0 Transmutations
 * Level 4.4 Earth Magic


You had 7 spell levels left.
You knew the following spells:

 Your Spells              Type           Power      Damage    Failure   Level
a - Sandblast             Erth           38%        2d10      2%          1

Your spell library contained the following spells:

 Spells                   Type           Power      Damage    Failure   Level
 Passwall                 Tmut/Erth      10%        N/A       8%          2
 Stone Arrow              Conj/Erth      22%        3d8       19%         3
 Petrify                  Tmut/Erth      12%        N/A       45%         4

Inventory:

Hand Weapons
 h - a +2 short sword of speed (weapon) {short}
   (You took it off a kobold on level 2 of the Dungeon)
Missiles
 a - 46 stones {throwing}
Jewellery
 c - a ring of magical power (left tentacle)
   (You took it off a kobold on level 2 of the Dungeon)
Scrolls
 d - 3 scrolls of fog {unknown}
 e - 2 scrolls of teleportation {unknown}
Potions
 b - a potion of magic
 f - a potion of heal wounds {unknown}
 g - 2 potions of curing {unknown}

Dungeon Overview and Level Annotations

Branches:
Dungeon (2/15)

Altars:
Ignis

############
##..........##
#............##
.....vvvvv....#
.....vvvvv....#
.....vo@vv....#
.....vvv.v....####
.....vvvvv.......#
#............###...
##.................
#
#########........#
# #...######## #
####.#.# ..
####......#


You could see an orc (ally target).


Message History

You hit the rat.
You kill the rat!
You start resting.
A giant cockroach comes into view.
A giant cockroach is nearby!
The giant cockroach bites you.
HP[-1]
You take 1 damage, and now have 11/21 hp.
You hit the giant cockroach.
You kill the giant cockroach!
You start resting.
HP[+10]
Your hp is fully restored (21).
A kobold comes into view. It is wielding a +0 short sword.
The kobold shouts!
The kobold hits you with a +0 short sword.
HP[-2]
You take 2 damage, and now have 19/21 hp.
You closely miss the kobold. You grab the kobold.
You squeeze the kobold, but do no damage.
You constrict the kobold, but do no damage.
An adder comes into view.
The adder hisses angrily.
You hit the kobold. You constrict the kobold. The kobold closely misses you.
You hit the kobold.
You kill the kobold!
No target in view!
No target in view!
No target in view!
No target in view!
No target in view!
No target in view!
No target in view!
No target in view!
No target in view!
No target in view!
No target in view!
No target in view!
No target in view!
No target in view!
An adder is nearby!
An adder is nearby!
You completely miss the adder. You grab the adder. You constrict the adder.
The adder misses you.
You hit the adder. You squeeze the adder.
You kill the adder!
You have reached level 4!
HP[+6]
You now have 27 max hp (+6).
You regained 6 hp, and now have 25/27 hp.
c - a ring of magical power You now have 99 gold pieces (gained 11).
Things that are here:
a +0 short sword {short}; a kobold corpse HP[+2] MP[+2]
Your hp is fully restored (27).
Your mp is fully restored (8).
You feel your magic capacity increase.
c - a ring of magical power (left tentacle)
Okay, then.
You see here an adder corpse.
Found a stone staircase leading down.
MP[+9]
Your mp is fully restored (17).
Found a stone staircase leading up. 3 orcs come into view.
An orc is wielding a +1 flail of venom.
The orc shouts! x3
The orc throws a boomerang.
The boomerang closely misses you.
You hit the orc. You grab the orc. You squeeze the orc.
You kill the orc!
The orc misses you.
You barely miss the orc. Your grab misses the orc. The orc barely misses you.
You hit the orc. Your grab misses the orc. Your squeeze misses the orc.
The orc closely misses you.
The orc hits you with a +1 flail of venom.
You are poisoned.
HP[-3]
You take 3 damage, and now have 24/27 hp.
You hit the orc.
You kill the orc!
You feel sick.
HP[-2]
You take 2 damage, and now have 22/27 hp.
You hit the orc. Your grab misses the orc.
You feel sick.
The orc hits you with a +1 flail of venom!
* * * LOW HITPOINT WARNING * * *
You are lethally poisoned!
HP[-12]
You take 12 damage, and now have 10/27 hp.
MASSIVE DAMAGE!! (PAUSE) Activating: Foxfire Swarm
Press: ? - help, Dir - look around, f - activate Flames leap up around you!
* * * LOW HITPOINT WARNING * * *
You feel very sick. The orc completely misses you.
HP[-3]
You take 3 damage, and now have 7/27 hp.
The orc attacks as you move away!
The orc hits you with a +1 flail of venom!
You die...

Skill      XL: |  1  2  3 |
---------------+----------+-----
Earth Magic    | 4 |  4.4
Dodging        | |  2.0
Stealth        | |  2.6
Spellcasting   | |  2.7
Transmutations | |  1.0

Action                   |  1- 3 |  4- 6 || total
-------------------------+-------+-------++-------
Melee: Short sword       |   100 |     5 ||   105
       Tentacles         |    18 |     1 ||    19
       Constrict         |    20 |     1 ||    21
 Cast: Sandblast         |     5 |       ||     5
Invok: Foxfire Swarm     |       |     1 ||     1
 Stab: Sleeping          |     6 |       ||     6
Armor: Skin              |    10 |       ||    10
Dodge: Dodged            |    75 |     5 ||    80

Levels and vault maps discovered:
D:1:      psy_arrival_terrarium, layout_rooms, basic_ecumenical_altar
D:2:      layout_rooms, grunt_decor_arrowhead, minmay_pentomino_o2

Notes
Turn   | Place    | Note
-------+----------+-------------------------------------------
     0 | D:1      | zeratav the Octopode Earth Elementalist began the quest for
                  | the Orb.
     0 | D:1      | Reached XP level 1. HP: 11/11 MP: 3/3
     0 | D:1      | magus.rc [v1.9.6]
    79 | D:1      | Reached XP level 2. HP: 17/17 MP: 5/5
   704 | D:1      | Found a faded altar of an unknown god.
   811 | D:1      | Reached XP level 3. HP: 18/21 MP: 6/6
  1206 | D:1      | Prayed at the altar of an unknown god.
  1206 | D:1      | Became a worshipper of Ignis, the Dying Flame
  1340 | D:2      | Reached skill level 4 in Earth Magic
  1765 | D:2      | Reached XP level 4. HP: 25/27 MP: 6/8
  1881 | D:2      | Slain by an orc

Vanquished Creatures
  An adder (D:2)
  A dart slug (D:2)
  2 orcs (D:2)
  5 ball pythons
  5 bats
  6 endoplasms
  A giant cockroach (D:2)
  4 goblins
  2 hobgoblins
  6 jackals
  A quokka (D:2)
  3 frilled lizards (D:1)
  9 kobolds
  2 rats (D:2)
48 creatures vanquished.

Table legend:
 A = Non-vault XP
 B = Vault XP
 C = Vault XP percentage of total XP
 D = Non-vault monster count
 E = Vault monster count
 F = Vault count percentage of total count
                 A         B        C        D         E       F
            +---------+---------+-------+---------+---------+-------
      Total |      97 |       0 |   0.0 |      48 |       0 |   0.0
            +---------+---------+-------+---------+---------+-------
        D:1 |      43 |       0 |   0.0 |      26 |       0 |   0.0
        D:2 |      54 |       0 |   0.0 |      22 |       0 |   0.0
            +---------+---------+-------+---------+---------+-------

Illustrated notes

Table legend:
 A = Kills in this place as a percentage of kills in entire the game.
 B = Kills by you in this place as a percentage of kills by you in the entire game.
 C = Kills by friends in this place as a percentage of kills by friends in the entire game.
 D = Other kills in this place as a percentage of other kills in the entire game.
 E = Experience gained in this place as a percentage of experience gained in the entire game.
 F = Experience gained in this place divided by the number of levels of this place that you have seen.
                   A       B       C       D       E      F
               +-------+-------+-------+-------+-------+----------------------
         Total | 100.0 | 100.0 |   N/A |   N/A | 100.0 |  48.5
       Dungeon | 100.0 | 100.0 |   N/A |   N/A | 100.0 |  48.5
               +-------+-------+-------+-------+-------+----------------------

Table legend: (Time is in decaauts)
 A = Elapsed time spent in this place.
 B = Non-inter-level travel time spent in this place.
 C = Inter-level travel time spent in this place.
 D = Time resting spent in this place.
 E = Time spent auto-exploring this place.
 F = Levels seen in this place.
 G = Mean time per level.
                   A        B        C        D        E       F      G
               +--------+--------+--------+--------+--------+-----+--------+
         Total |   1873 |   1844 |     29 |    568 |    972 |   2 |  936.5 |
       Dungeon |   1873 |   1844 |     29 |    568 |    972 |   2 |  936.5 |
               +--------+--------+--------+--------+--------+-----+--------+

Top non-repeatable levels by time:
     D:1: 1240 daAuts
     D:2: 632 daAuts
